 Dungeon Crawl Stone Soup version 0.28.0-49-g6dfe1f597d (webtiles) character file.

Game seed: 10654542517465207415

508 Zeld the Magician (level 7, -2/50 HPs)
             Began as a Djinni Conjurer on May 16, 2022.
             Was an Initiate of Makhleb.
             Slain by Prince Ribbit (18 damage)
             ... on level 5 of the Dungeon.
             The game lasted 00:05:44 (5863 turns).

Zeld the Magician (Djinni Conjurer)                 Turns: 5863, Time: 00:05:45

Health: -2/50      AC:  2    Str:  8    XL:     7   Next: 42%
Gold:   86         EV: 12    Int: 20    God:    Makhleb [......] SH:  5 Dex: 11

rFire   + + .      SeeInvis .   (no weapon)
rCold   x . .      Faith    .   (no shield)
rNeg    . . .      Spirit   .   a - +0 robe
rPois   ∞          Reflect  +   (no helmet)
rElec   .          Harm     .   (no cloak)
rCorr   .          Rampage  .   (no gloves)
Will    .....                   (boots unavailable)
Stlth   ++........              b - amulet of reflection
HPRegen 0.16/turn               (no ring)
MPRegen 0.00/turn               (no ring)

@: flying
A: sickness immunity, fire resistance 2, cold vulnerability 1, float, innate
caster, HP casting, extra vitality 1
a: Renounce Religion


You were on level 5 of the Dungeon.
You worshipped Makhleb.
Makhleb was noncommittal.
You visited 2 branches of the dungeon, and saw 6 of its levels.

You collected 206 gold pieces.
You spent 120 gold pieces at shops.

Inventory:

Armour
 a - a +0 robe (worn)
Jewellery
 b - an amulet of reflection (around neck)
Wands
 t - a wand of iceblast (8)
Scrolls
 g - 4 scrolls of teleportation
 h - 2 scrolls of enchant armour
 j - a scroll of silence
 m - a scroll of immolation {unknown}
 n - a scroll of blinking {unknown}
 r - a scroll of vulnerability {unknown}
 s - a scroll of fog {unknown}
 u - a scroll of enchant weapon {unknown}
 w - a scroll of summoning {unknown}
Potions
 c - a potion of lignification {unknown}
 d - 2 potions of magic {unknown}
 e - 2 potions of brilliance
 i - a potion of degeneration {unknown}
 k - a potion of heal wounds {unknown}
 l - a potion of resistance {unknown}
 o - 2 potions of curing
 p - a potion of ambrosia {unknown}
 q - a potion of attraction {unknown}
 v - 2 potions of haste {unknown}


   Skills:
 * Level 3.3 Fighting
 * Level 3.4 Armour
 + Level 3.5 Dodging
 + Level 2.7 Stealth
 * Level 4.3 Spellcasting


You couldn't memorise any spells.
You knew the following spells:

 Your Spells              Type           Power      Damage    Failure   Level
a - Magic Dart            Conj           84%        1d7       2%          1
b - Searing Ray           Conj           42%        2d6       3%          2
c - Dazzling Flash        Conj/Hex       42%        N/A       6%          3
d - Fulminant Prism       Conj/Hex       10%        3d9       22%         4
e - Iskenderun's Mystic   Conj/Tloc      21%        2d6       22%         4
f - Shock                 Conj/Air       84%        1d8       2%          1
g - Call Imp              Summ           21%        N/A       3%          2
h - Spider Form           Tmut/Pois      21%        N/A       6%          3
Your spell library was empty.

Dungeon Overview and Level Annotations

Branches:
Dungeon (5/15)             Temple (1/1) D:4

Altars:
Cheibriados
Dithmenos
Elyvilon
Fedhas
Gozag
Makhleb
Nemelex Xobeh
Qazlal
Ru
Wu Jian
Xom
Yredelemnul

Shops:
D:3 =*([!

Portals:
Ossuary: D:5

Annotations:
D:5 Prince Ribbit


Innate Abilities, Weirdness & Mutations

You are immune to sickness and miasma.
You are immune to poison.
Your flesh is very heat resistant. (rF++)
You are vulnerable to cold. (rC-)
You float through the air rather than walking.
You learn spells naturally, not from books.
Your magical power is your life essence.
You have superior vitality. (+4 MHP)


Message History

Found a sand-covered staircase.
You block Prince Ribbit's attack.
There is an open door here.
You closely miss Prince Ribbit. Prince Ribbit closely misses you.
Prince Ribbit hits you!
Casting: Searing Ray (safe; 3% risk of failure)
Confirm with . or Enter, or press ? or * to list all spells.
Aiming: Searing Ray (safe; 3% risk of failure)
Press: ? - help, Shift-Dir - straight line, f - Prince Ribbit
Aim: Prince Ribbit (61% to hit)
The searing ray hits Prince Ribbit.
Prince Ribbit is lightly wounded. (Press . to maintain the ray.) Prince Ribbit hits you.
The searing ray misses Prince Ribbit.
Prince Ribbit blinks!
Prince Ribbit sighs, "It's not easy being green!"
Prince Ribbit closely misses you.
Casting: Searing Ray (safe; 3% risk of failure)
Confirm with . or Enter, or press ? or * to list all spells.
Aiming: Searing Ray (safe; 3% risk of failure)
Press: ? - help, Shift-Dir - straight line, f/p - Prince Ribbit
Aim: Prince Ribbit (lightly wounded, 61% to hit)
The searing ray misses Prince Ribbit. (Press . to maintain the ray.) Prince Ribbit closely misses you.
Prince Ribbit blinks!
Unknown command.
Casting: Searing Ray (safe; 3% risk of failure)
Confirm with . or Enter, or press ? or * to list all spells.
Restarting spell: Searing Ray (safe; 3% risk of failure)
Press: ? - help, Shift-Dir - straight line, f/p - Prince Ribbit
Aim: Prince Ribbit (lightly wounded, 61% to hit)
The searing ray hits Prince Ribbit!
Prince Ribbit is moderately wounded. (Press . to maintain the ray.) Prince Ribbit hits you.
The searing ray hits Prince Ribbit!
Prince Ribbit is heavily wounded.
Prince Ribbit hits you. Prince Ribbit barely misses you.
The searing ray misses Prince Ribbit.
Prince Ribbit hits you!!
You die...

#####
############...#####
....................
#####...........#+#
#..#####....#.#
####..#####..###.###
#............'.@F..+
##..†.........###.###
...##..###.#... .#
>..##..###.#.... +#
.................
...............##.
......####...### .)
...#### #..# .# ...#


You could see Prince Ribbit.

Vanquished Creatures
  Sigmund (D:2)
  A centaur (D:5)
  A hound (D:4)
  Natasha (D:4)
  2 iguanas (D:4)
  A hound skeleton (D:4)
  3 gnolls (D:2)
  5 adders
  2 adder skeletons
  A worm (D:3)
  5 dart slugs
  5 ball pythons
  4 bats (D:1)
  5 endoplasms
  3 giant cockroaches
  7 goblins
  9 hobgoblins
  2 quokkas
  2 frilled lizards
  8 kobolds
  3 rats
71 creatures vanquished.

Notes
Turn   | Place    | Note
-------+----------+-------------------------------------------
     0 | D:1      | Zeld the Djinni Conjurer began the quest for the Orb.
     0 | D:1      | Reached XP level 1. HP: 15/15 MP: 0/0
   279 | D:1      | Reached XP level 2. HP: 19/22 MP: 0/0
   663 | D:1      | Reached skill level 1 in Armour
   756 | D:1      | Reached XP level 3. HP: 25/26 MP: 0/0
   756 | D:1      | Learned a level 1 spell: Shock
   757 | D:1      | Found a faded altar of an unknown god.
   830 | D:1      | Reached skill level 1 in Fighting
  1411 | D:2      | Noticed Sigmund
  1689 | D:2      | Killed Sigmund
  1690 | D:2      | Reached XP level 4. HP: 1/33 MP: 0/0
  1690 | D:2      | Reached XP level 5. HP: 2/38 MP: 0/0
  1690 | D:2      | Learned a level 2 spell: Call Imp
  2010 | D:2      | Reached XP level 6. HP: 40/44 MP: 0/0
  2456 | D:2      | Reached skill level 4 in Spellcasting
  2836 | D:3      | Found Norphiolu's General Store.
  2844 | D:3      | Bought a potion of brilliance for 56 gold pieces
  2974 | D:3      | Found Homivvid's Jewellery Boutique.
  3025 | D:3      | Found Hingorej's Weapon Boutique.
  3116 | D:3      | Found Tuexes's Antique Armour Emporium.
  3414 | D:3      | Found Jeom's Distillery.
  3447 | D:3      | Bought a scroll of identify for 28 gold pieces
  3862 | D:3      | Bought a potion of curing for 36 gold pieces
  4091 | D:4      | Found a burning altar of Makhleb.
  4101 | D:4      | Became a worshipper of Makhleb the Destroyer
  4315 | D:4      | Found a staircase to the Ecumenical Temple.
  4324 | Temple   | Entered the Ecumenical Temple
  4586 | D:4      | Reached XP level 7. HP: 47/49 MP: 0/0
  4586 | D:4      | Learned a level 3 spell: Spider Form
  4631 | D:4      | Noticed Natasha
  4647 | D:4      | Killed Natasha
  5043 | D:4      | Found an opulent altar of Gozag.
  5532 | D:5      | Entered Level 5 of the Dungeon
  5744 | D:5      | Found a shadowy altar of Dithmenos.
  5852 | D:5      | Found a sand-covered staircase.
  5852 | D:5      | Noticed Prince Ribbit
  5863 | D:5      | Slain by Prince Ribbit

Illustrated notes

Levels and vault maps discovered:
D:1:      nzn_arrival_crosshair, layout_loops_ring,
          hellmonk_ecumenical_altar_heavens_door, hangedman_abyss_or_decor_stabs
D:2:      layout_rooms, minmay_misc_feat_roman, minmay_indecisive_spiral,
          uniq_sigmund
D:3:      layout_loops_corners, serial_shops, nicolae_shop_bloodbath_and_beyond,
          shop_fountains, shop, nicolae_shop_hallway_stairs, shop_statue,
          kennysheep_generic_room_11
D:4:      layout_basic, mainiacjoe_overflow_cross_hatched,
          nicolae_overflow_hidden_temple, minmay_temple_entry_antechambers,
          serial_curves, eino_curves_01, eino_curves_04, uniq_natasha
D:5:      black_bear_nest_2, layout_loops_ring, nicolae_dithmenos_shadow_blocks,
          nicolae_ossuary_entry_plus, uniq_crazy_yiuf_cottage,
          uniq_prince_ribbit1
Temple:   nicolae_temple_figure_zero

Skill      XL: |  1  2  3  4  5  6  7 |
---------------+----------------------+-----
Armour         | 1 2 3 |  3.4
Fighting       | 2 3 |  3.3
Stealth        | 2 |  2.7
Dodging        | 3 |  3.5
Spellcasting   | 4 |  4.3

Action                   |  1- 3 |  4- 6 |  7- 9 || total
-------------------------+-------+-------+-------++-------
Melee: Unarmed           |       |     8 |     8 ||    16
 Cast: Magic Dart        |    48 |     8 |     5 ||    61
       Searing Ray       |     2 |    27 |    12 ||    41
       Call Imp          |       |     1 |       ||     1
       Spider Form       |       |       |     1 ||     1
  Use: Scroll            |       |       |     3 ||     3
 Stab: Sleeping          |       |     2 |     1 ||     3
Armor: Robe              |     1 |     5 |     3 ||     9
Dodge: Dodged            |     5 |    22 |    23 ||    50
Block: Other             |     4 |     7 |     7 ||    18
       Reflection        |     1 |       |       ||     1
